 Dungeon Crawl Stone Soup version 0.22.1-1-ga44c0e5 (webtiles) character file.

2496 Larett the Fighter (level 9, 0/89 HPs)
             Began as a Pale Draconian Berserker on Oct 23, 2018.
             Was an Elder of Trog.
             Slain by an orc warrior
             ... wielding a +0 trident
              (10 damage)
             ... in a bailey.
             The game lasted 00:17:57 (6886 turns).

Larett the Fighter (Pale Draconian Berserker)       Turns: 6886, Time: 00:17:57

Health: 0/89       AC:  9    Str: 20    XL:     9   Next: 28%
Magic:  9/9        EV: 10    Int:  7    God:    Trog [****..]
Gold:   282        SH:  7    Dex: 14    Spells: 8/8 levels left

rFire    . . .     SeeInvis .   a - +3 broad axe (flame)
rCold    . . .     Gourm    .   B - +0 shield
rNeg     . . .     Faith    .   (armour unavailable)
rPois    .         Spirit   .   (helmet restricted)
rElec    .         Reflect  .   X - +0 cloak
rCorr    .         Harm     .   I - +0 pair of gloves
MR       .....                  (no boots)
Stlth    +.........             r - amulet of regeneration
HPRegen  0.64/turn              (no ring)
MPRegen  0.11/turn              (no ring)

@: no status effects
A: breathe steam, unfitting armour, cold-blooded, AC +7
a: Breathe Steam, Berserk, Trog's Hand, Brothers in Arms, Renounce Religion


You were in a bailey.
You worshipped Trog.
Trog was greatly pleased with you.
You were hungry.

You visited 1 branch of the dungeon, and saw 8 of its levels.
You also visited: Bailey.

You collected 406 gold pieces.
You spent 124 gold pieces at shops.

Inventory:

Hand Weapons
 a - a +3 broad axe of flaming (weapon)
 b - a +0 shortbow
Armour
 B - a +0 shield (worn)
 I - a +0 pair of gloves (worn)
 X - a +0 cloak (worn)
Jewellery
 r - an amulet of regeneration (around neck)
Wands
 A - a wand of acid (10)
 E - a wand of enslavement (6)
 F - a wand of disintegration (3)
Scrolls
 G - 3 scrolls of remove curse
 P - 2 scrolls of enchant weapon
 R - a scroll of fear {unknown}
 T - 3 scrolls of teleportation
 V - 2 scrolls of enchant armour
Potions
 g - 6 potions of brilliance
 i - 4 potions of lignification {!q}
 j - 2 potions of agility
 u - 8 potions of curing {unknown}
 D - 2 potions of flight {unknown}
 L - a potion of magic {unknown}
 Q - a potion of heal wounds {unknown}
 Y - a potion of mutation {unknown}
Comestibles
 M - 9 chunks of flesh
 N - 15 rations


   Skills:
 * Level 11.5 Fighting
 + Level 7.9 Axes
 - Level 2.6 Dodging


You had 8 spell levels left.
You didn't know any spells.
Your spell library contained the following spells:

 Spells                   Type           Power        Failure   Level  Hunger
 Animate Skeleton         Necr           N/A          97%         1    ##.....
 Confusing Touch          Hex            #.....       97%         1    ##.....
 Pain                     Necr           #...         97%         1    ##.....
 Confuse                  Hex            #.......     100%        3    ####...
 Gell's Gravitas          Tloc           #.........   100%        3    ####...
 Regeneration             Chrm/Necr      #.........   100%        3    ####...
 Vampiric Draining        Necr           #.........   100%        3    ####...
 Animate Dead             Necr           N/A          100%        4    #####..
 Petrify                  Tmut/Erth      #.......     100%        4    #####..
 Metabolic Englaciation   Hex/Ice        #.........   100%        5    ######.
 Yara's Violent Unravell  Hex/Tmut       #.........   100%        5    ######.


Dungeon Overview and Level Annotations

Branches:
Dungeon (8/15)             Temple (0/1) D:5
   Lair: D:8-11

Altars:
Ashenzari
Cheibriados
Nemelex Xobeh
Sif Muna
Yredelemnul
The Shining One

Shops:
D:7 *


Innate Abilities, Weirdness & Mutations

You can breathe blasts of scalding, opaque steam.
Your pale cyan-grey scales are hard. (AC +7)
You cannot fit into any form of body armour.
You are cold-blooded and may be slowed by cold attacks.


Message History

The orc warrior closely misses your orc warrior.
Your orc warrior hits the orc warrior with a halberd.
Evoke which item? (* to show all) (? for menu, Esc to quit)
Aiming: Disintegrate
Press: ? - help, Shift-Dir - straight line, f - orc, p - orc warrior
Aim: an orc, wielding a halberd and wearing a chain mail (chance to defeat MR: The orc is blasted.
You blow up the orc!
Trog accepts your kill.
Your orc warrior hits the orc warrior from afar with a halberd.
Evoke which item? (* to show all) (? for menu, Esc to quit)
Aiming: Disintegrate
Press: ? - help, Shift-Dir - straight line, f - orc warrior
Aim: an orc warrior, wielding a trident and wearing a chain mail (lightly The orc warrior struggles to resist.
The orc warrior hits your orc warrior with a glaive!!
Your orc warrior dies!
The orc warrior looks more experienced.
The orc warrior hits you from afar with a trident!
You die...

########### ###
#......@..## ..####
..≈≈≈≈≈≈≈..## ##...##
.≈≈...oo≈≈).## #####.##
.≈..###..≈≈..##########
.......# ...
##.)≈≈..........#
≈≈≈≈≈≈## ##
##oo≈≈≈≈≈≈≈≈≈≈.#
))##### ##o.........≈.#
.##### ##########.≈.#
.##.$$ ...##.≈.#


You could see 2 orc warriors and 3 orcs.

Vanquished Creatures
  Sigmund (D:2)
  Edmund (D:5)
  An orc warrior (D:6)
  A black bear (D:7)
  An ice beast (D:6)
  2 ogres
  A centaur (D:6)
  Blork the orc (D:6)
  3 bullfrogs (D:7)
  A gnoll sergeant (D:7)
  3 scorpions
  5 crimson imps
  A quasit (D:7)
  4 orc priests
  7 hounds
  2 jellies
  An iguana (D:4)
  7 worker ants
  3 orc wizards
  A killer bee zombie (D:7)
  A hound zombie (D:7)
  Robin (D:4)
  7 adders
  A howler monkey skeleton (D:4)
  4 gnolls
  An ooze (D:1)
  2 adder zombies (D:6)
  An adder skeleton (D:6)
  2 worms
  5 dart slugs
  2 leopard geckos
  26 orcs
  10 giant cockroaches
  14 goblins
  7 hobgoblins
  2 jackals (D:6)
  6 kobolds
  3 quokkas
  2 ball pythons (D:3)
  3 bats
  8 frilled lizards
  A leopard gecko zombie (D:7)
  3 quokka skeletons (D:4)
  11 rats
170 creatures vanquished.

Vanquished Creatures (collateral kills)
  An orc (Bailey)
1 creature vanquished.

Vanquished Creatures (others)
  An orc warrior (Bailey)
  A scorpion (D:5)
2 creatures vanquished.

Grand Total: 173 creatures vanquished

Notes
Turn   | Place    | Note
-------+----------+-------------------------------------------
     0 | D:1      | Larett the Draconian Berserker began the quest for the Orb.
     0 | D:1      | Reached XP level 1. HP: 19/19 MP: 1/1
    84 | D:1      | Reached XP level 2. HP: 27/27 MP: 2/2
   348 | D:1      | Reached skill level 4 in Fighting
  1236 | D:2      | Reached XP level 3. HP: 19/34 MP: 3/3
  1513 | D:2      | Reached ** piety under Trog
  1574 | D:2      | Reached skill level 5 in Fighting
  1574 | D:2      | Reached XP level 4. HP: 10/42 MP: 4/4
  1581 | D:2      | Found a snail-covered altar of Cheibriados.
  1837 | D:2      | Noticed Sigmund
  1847 | D:2      | Killed Sigmund
  1847 | D:2      | Reached skill level 6 in Fighting
  1847 | D:2      | Reached XP level 5. HP: 50/50 MP: 5/5
  2206 | D:3      | Reached XP level 6. HP: 58/58 MP: 6/6
  2551 | D:3      | Found a sparkling altar of Nemelex Xobeh.
  2880 | D:4      | Reached skill level 7 in Fighting
  2888 | D:4      | Noticed Robin
  2897 | D:4      | Killed Robin
  2897 | D:4      | Reached *** piety under Trog
  3082 | D:4      | Your scales start taking on a pale cyan-grey colour.
  3082 | D:4      | Reached XP level 7. HP: 55/66 MP: 7/7
  3602 | D:4      | Reached skill level 8 in Fighting
  3989 | D:5      | Entered Level 5 of the Dungeon
  4200 | D:5      | Noticed Edmund
  4235 | D:5      | Killed Edmund
  4235 | D:5      | Reached skill level 6 in Axes
  4241 | D:5      | HP: 10/69 [poisoned by Edmund]
  4246 | D:5      | HP: 6/69 [poisoned by Edmund]
  4251 | D:5      | HP: 5/69 [poisoned by Edmund]
  4257 | D:5      | HP: 6/69 [poisoned by Edmund]
  4264 | D:5      | HP: 8/69 [poisoned by Edmund]
  4485 | D:5      | Found a staircase to the Ecumenical Temple.
  4596 | D:5      | Found a deep blue altar of Sif Muna.
  4704 | D:6      | Reached skill level 9 in Fighting
  4704 | D:6      | Reached XP level 8. HP: 34/78 MP: 8/8
  4994 | D:6      | Noticed Blork the orc
  5001 | D:6      | Killed Blork the orc
  5182 | D:6      | Reached **** piety under Trog
  5182 | D:6      | Reached skill level 10 in Fighting
  5344 | D:6      | Found a glowing golden altar of the Shining One.
  5709 | D:7      | Found a basalt altar of Yredelemnul.
  5888 | D:7      | Reached XP level 9. HP: 69/86 MP: 9/9
  5893 | D:7      | Reached skill level 11 in Fighting
  6339 | D:7      | Found Biofisid's Assorted Antiques.
  6346 | D:7      | Bought a sharpened brass wand for 124 gold pieces
  6663 | D:8      | Found a shattered altar of Ashenzari.
  6722 | D:8      | Found a flagged portal.
  6768 | Bailey   | Entered a bailey
  6884 | Bailey   | HP: 9/89 [orc/halberd (8)]
  6886 | Bailey   | Slain by an orc warrior

Skill      XL: |  1  2  3  4  5  6  7  8  9 |
---------------+----------------------------+-----
Fighting       | 4 5 6 7 9 10 11 | 11.5
Axes           | 4 5 6 7 |  7.9
Dodging        | |  2.6

Action                   |  1- 3 |  4- 6 |  7- 9 || total
-------------------------+-------+-------+-------++-------
Melee: Hand axe          |   117 |   167 |    85 ||   369
       Tailslap          |    14 |    17 |    33 ||    64
       Broad axe         |       |       |   142 ||   142
       Flail             |       |       |     4 ||     4
 Fire: Shortbow          |       |       |     7 ||     7
Throw: Tomahawk          |       |       |     6 ||     6
Invok: Berserk           |     1 |     3 |     2 ||     6
       Trog's Hand       |       |     3 |     1 ||     4
 Abil: Breathe Steam     |       |       |     4 ||     4
Evoke: Wand              |       |       |     5 ||     5
  Use: Scroll            |     1 |     6 |    12 ||    19
 Stab: Sleeping          |       |     2 |     1 ||     3
       Distracted        |       |       |     1 ||     1
  Eat: Chunk             |     2 |     9 |    11 ||    22
       Ration            |       |       |     1 ||     1
Armor: Skin              |    31 |    38 |    84 ||   153
Dodge: Dodged            |    90 |   114 |   198 ||   402
Block: Shield            |       |       |    25 ||    25
